 Dungeon Crawl Stone Soup version 0.25-a0-248-g18654cfe15 (webtiles) character file.

Game seed: 740534634867798019, levelgen mode: deterministic

15682 MrRokkomies the Fighter (level 12, -6/113 HPs)
             Began as a Ghoul Gladiator on Dec 4, 2019.
             Was a Believer of Uskayaw.
             Mangled by a four-headed hydra (9 damage)
             ... on level 1 of the Lair of Beasts.
             The game lasted 00:33:56 (10723 turns).

MrRokkomies the Fighter (Ghoul Gladiator)          Turns: 10723, Time: 00:33:58

Health: -6/113     AC: 14    Str: 23    XL:     12   Next: 29%
Magic:  16/16      EV: 10    Int:  3    God:    Uskayaw [**....]
Gold:   328        SH:  0    Dex: 12    Spells: 11/11 levels left

rFire    + . .     SeeInvis .   M - +0 war axe (flame)
rCold    + . .     Gourm    .   (no shield)
rNeg     + + +     Faith    .   P - +1 chain mail {rF+}
rPois    ∞         Spirit   .   c - +0 helmet
rElec    .         Reflect  .   T - scarf {repulsion}
rCorr    .         Harm     .   m - +0 pair of gloves
MR       +....                  H - +0 pair of boots
Stlth    ..........             t - amulet of the acrobat
HPRegen  0.00/turn              w - +2 ring of dexterity
MPRegen  0.15/turn              G - ring of protection from magic

@: rotting, repel missiles
A: rotting body, claws 1, carnivore, cold resistance 1, negative energy
resistance 3, inhibited regeneration, torment resistance, unbreathing
a: Stomp, Line Pass, Renounce Religion


You were on level 1 of the Lair of Beasts.
You worshipped Uskayaw.
Uskayaw was noncommittal.
You were not hungry.

You visited 2 branches of the dungeon, and saw 12 of its levels.
You also visited: Sewer.

You collected 806 gold pieces.
You spent 478 gold pieces at shops.

Inventory:

Hand Weapons
 a - a +6 battleaxe
 E - a +0 shortbow
 I - a +0 broad axe
 M - a +0 war axe of flaming (weapon)
Missiles
 b - 46 bolts
 d - 4 throwing nets
 j - 65 poisoned darts (quivered)
 l - 158 arrows
 n - 5 curare-tipped darts
Armour
 c - a +0 helmet (worn)
 m - a +0 pair of gloves (worn)
 p - a +0 cloak
 H - a +0 pair of boots (worn)
 K - a +0 chain mail
 P - a +1 chain mail of fire resistance (worn)
 T - a scarf of repulsion (worn)
Jewellery
 k - an uncursed ring of flight
 t - an amulet of the acrobat (around neck)
 w - a +2 ring of dexterity (left hand)
 G - a ring of protection from magic (right hand)
Wands
 r - a wand of disintegration (8)
 u - a wand of scattershot (1)
 y - a wand of random effects (6)
 A - a wand of acid (19)
 C - a wand of iceblast (12)
 J - a wand of flame (22)
 O - a wand of polymorph (9)
Scrolls
 o - 6 scrolls of remove curse
 s - 6 scrolls of teleportation
 v - 2 scrolls of immolation
 D - 7 scrolls of identify
 F - a scroll of blinking
 N - a scroll of holy word {unknown}
 Q - a scroll of enchant weapon
 R - a scroll of magic mapping
 U - a scroll of fear
Potions
 e - 7 potions of curing
 g - 2 potions of might
 h - 2 potions of ambrosia
 q - 3 potions of haste
 x - 2 potions of invisibility
 z - 3 potions of flight
 B - a potion of brilliance
 L - 3 potions of heal wounds {unknown}
 S - a potion of agility
Comestibles
 f - 23 rations
 i - 4 chunks of flesh


   Skills:
 * Level 12.3 Fighting
 * Level 10.7 Axes
 - Level 6.0 Throwing
 + Level 4.8 Armour
 - Level 4.5 Dodging
 + Level 7.4 Invocations


You had 11 spell levels left.
You didn't know any spells.
Your spell library contained the following spells:

 Spells                   Type           Power        Failure   Level  Hunger
 Confusing Touch          Hex            #.....       99%         1    ##.....
 Confuse                  Hex            #.......     100%        3    ####...
 Gell's Gravitas          Tloc           #.........   100%        3    ####...
 Petrify                  Tmut/Erth      #.......     100%        4    #####..
 Metabolic Englaciation   Hex/Ice        #.........   100%        5    ######.
 Yara's Violent Unravell  Hex/Tmut       #.........   100%        5    ######.


Dungeon Overview and Level Annotations

Branches:
Dungeon (11/15)            Temple (0/1) D:7            Lair (1/6) D:11
    Orc (0/2) D:9           Sewer (visited)

Altars:
Cheibriados
Fedhas
Ru
Uskayaw
Wu Jian
Xom
Zin
Beogh

Shops:
D:6 }   D:10 [

Annotations:
D:3 1 runed translucent door, Thargor's ghost, amateur DDFi
D:4 3 runed translucent doors, Thargor's ghost, amateur DEIE; morra's ghost, amateur HaHu
Lair:1 2 transporters


Innate Abilities, Weirdness & Mutations

Your body is rotting away.
You thrive on raw meat.
You are immune to poison.
You have sharp fingernails.
You are carnivorous and can eat meat at any time.
Your flesh is cold resistant. (rC+)
You are immune to negative energy. (rN+++)
You do not regenerate when monsters are visible.
You are immune to unholy pain and torment.
You can survive without breathing.


Message History

The five-headed hydra is heavily wounded.
You closely miss the spiny frog. The spiny frog closely misses you.
The five-headed hydra bites you!
The five-headed hydra bites you but does no damage. x2
The five-headed hydra barely misses you.
The five-headed hydra closely misses you.
You can now pass through a line of other dancers.
You slice one of the five-headed hydra's heads off!
The flame cauterises the wound!
You slash the four-headed hydra! You burn the four-headed hydra.
The four-headed hydra is severely wounded.
Your chain mail prevents you from hitting the spiny frog.
The spiny frog stings you!
* * * LOW HITPOINT WARNING * * *
The four-headed hydra bites you!
* * * LOW HITPOINT WARNING * * *
The four-headed hydra bites you!
* * * LOW HITPOINT WARNING * * *
The four-headed hydra bites you!
You die...

#...##............#
#..P.#......P....#
#....#........###
#....#...P..##
##....#....##
##.......##
##..#.......
###............
#D@..#...#......
#.....F.########P###
##.....## ## #......
#.#.... ####....
#.... #.....


You could see a four-headed hydra and a spiny frog.

Vanquished Creatures
  3 two-headed ogres
  Erica (D:9)
  2 unseen horrors
  Pikel (D:4)
  An ugly thing (D:8)
  Joseph (D:9)
  A spiny frog (Lair:1)
  A komodo dragon (D:11)
  A troll (D:10)
  Prince Ribbit (D:5)
  2 hippogriffs (D:11)
  A slime creature (D:6)
  Grinder (D:3)
  A wraith (D:11)
  A wyvern (D:9)
  15 yaks
  2 hungry ghosts (D:7)
  Menkaure (D:5)
  2 water moccasins
  6 orc warriors
  3 sky beasts
  3 slaves (D:4)
  3 ice beasts
  2 phantoms
  2 necrophages
  5 centaurs
  8 ogres
  6 big kobolds
  A crocodile (D:7)
  6 bullfrogs
  2 wyvern skeletons
  11 killer bees
  6 wights
  4 howler monkeys (D:10)
  6 crimson imps
  7 jellies
  3 bullfrog zombies
  A quasit (D:10)
  9 orc wizards
  8 orc priests
  Crazy Yiuf (D:5)
  3 bullfrog skeletons
  3 hounds
  A centaur skeleton (D:5)
  Jessica (D:3)
  An iguana (D:10)
  Ijyb (D:5)
  5 worker ants
  A hound skeleton (D:8)
  A howler monkey skeleton (D:6)
  10 gnolls
  A river rat (Sewer)
  12 adders
  A shadow imp (D:7)
  20 oozes
  7 worms
  5 dart slugs
  6 leopard geckos
  39 orcs
  6 giant cockroaches
  9 goblins
  10 hobgoblins
  8 jackals
  13 kobolds
  2 quokkas
  4 ball pythons
  6 bats
  9 frilled lizards
  2 leopard gecko skeletons
  16 rats
345 creatures vanquished.

Vanquished Creatures (others)
  A slave (D:4)
  An orc (D:5)
  A ball python (D:4)
  5 fungi (D:6)
  18 plants (D:11)
  A withered plant (D:4)
27 creatures vanquished.

Grand Total: 372 creatures vanquished

Notes
Turn   | Place    | Note
-------+----------+-------------------------------------------
     0 | D:1      | MrRokkomies the Ghoul Gladiator began the quest for the
                  | Orb.
     0 | D:1      | Reached XP level 1. HP: 17/17 MP: 0/0
   201 | D:1      | Reached XP level 2. HP: 17/24 MP: 1/1
   378 | D:1      | Reached XP level 3. HP: 24/30 MP: 2/2
   909 | D:2      | Found a glowing silver altar of Zin.
  1065 | D:2      | Reached skill level 3 in Fighting
  1433 | D:2      | Reached XP level 4. HP: 31/38 MP: 3/3
  1686 | D:3      | Noticed Jessica
  1692 | D:3      | Killed Jessica
  1700 | D:3      | Found a glowing drain.
  1725 | Sewer    | Entered a sewer
  1749 | Sewer    | Noticed a big kobold
  1781 | Sewer    | Killed a big kobold
  1781 | Sewer    | Reached XP level 5. HP: 22/46 MP: 4/4
  2137 | Sewer    | Noticed a big kobold
  2156 | Sewer    | Killed a big kobold
  2156 | Sewer    | Reached skill level 4 in Fighting
  2156 | Sewer    | Reached XP level 6. HP: 33/51 MP: 5/5
  2504 | Sewer    | Reached XP level 7. HP: 51/60 MP: 6/6
  2518 | Sewer    | Reached skill level 5 in Fighting
  2745 | D:3      | Found a blossoming altar of Fedhas.
  2908 | D:3      | Found a runed translucent door.
  2913 | D:3      | Noticed Thargor's ghost (amateur DDFi)
  2934 | D:3      | Noticed Grinder
  2954 | D:3      | Killed Grinder
  2954 | D:3      | Reached skill level 5 in Axes
  3169 | D:4      | Found a snail-covered altar of Cheibriados.
  3256 | D:4      | Noticed Pikel
  3430 | D:4      | Killed Pikel
  3430 | D:4      | Reached skill level 6 in Fighting
  3430 | D:4      | Reached XP level 8. HP: 48/71 MP: 7/7
  3503 | D:4      | Found a hide-covered altar of Uskayaw.
  3506 | D:4      | Became a worshipper of Uskayaw the Reveler
  3571 | D:4      | Found a runed translucent gate.
  3571 | D:4      | Found a runed translucent gate.
  3571 | D:4      | Found a runed translucent gate.
  3572 | D:4      | Noticed Thargor's ghost (amateur DEIE)
  3572 | D:4      | Noticed morra's ghost (amateur HaHu)
  3629 | D:4      | Reached * piety under Uskayaw
  3819 | D:5      | Entered Level 5 of the Dungeon
  3841 | D:5      | Reached ** piety under Uskayaw
  3842 | D:5      | Reached skill level 1 in Invocations
  3842 | D:5      | Reached *** piety under Uskayaw
  3851 | D:5      | Reached **** piety under Uskayaw
  3865 | D:5      | Reached skill level 7 in Fighting
  3918 | D:5      | Found a runed translucent door.
  3919 | D:5      | Noticed Crazy Yiuf
  3936 | D:5      | Killed Crazy Yiuf
  3982 | D:5      | Noticed Ijyb
  3985 | D:5      | Killed Ijyb
  4002 | D:5      | Found a shimmering altar of Xom.
  4170 | D:5      | Reached XP level 9. HP: 79/79 MP: 9/9
  4185 | D:5      | Noticed Prince Ribbit
  4196 | D:5      | Noticed Menkaure
  4206 | D:5      | Killed Menkaure
  4209 | D:5      | Killed Prince Ribbit
  4754 | D:5      | Reached skill level 8 in Fighting
  5096 | D:6      | Reached skill level 5 in Throwing
  5131 | D:6      | Found Gasifula's Gadget Shop.
  5281 | D:6      | Found an ornate altar of the Wu Jian Council.
  5680 | D:6      | Reached ***** piety under Uskayaw
  5915 | D:7      | Reached skill level 9 in Fighting
  5915 | D:7      | Reached XP level 10. HP: 91/91 MP: 11/11
  6106 | D:7      | Found a snail-covered altar of Cheibriados.
  6564 | D:7      | Found a staircase to the Ecumenical Temple.
  6662 | D:8      | Reached skill level 1 in Armour
  6691 | D:8      | Noticed a cyan ugly thing
  6703 | D:8      | Killed a cyan ugly thing
  6782 | D:8      | Found a sacrificial altar of Ru.
  7138 | D:9      | Found a shimmering altar of Xom.
  7156 | D:9      | Noticed Joseph
  7171 | D:9      | Killed Joseph
  7171 | D:9      | Reached skill level 10 in Fighting
  7171 | D:9      | Reached skill level 5 in Invocations
  7532 | D:9      | Noticed a two-headed ogre
  7543 | D:9      | Killed a two-headed ogre
  7543 | D:9      | Reached XP level 11. HP: 41/101 MP: 7/14
  7686 | D:9      | Noticed Erica
  7691 | D:9      | Identified the cursed +1 rapier of Overwhelming Force
                  | {pierce, *Corrode Int+6}
  7718 | D:10     | Entered Level 10 of the Dungeon
  8180 | D:9      | Killed Erica
  8553 | D:9      | Found a roughly hewn altar of Beogh.
  8557 | D:9      | Found a staircase to the Orcish Mines.
  8560 | D:9      | Reached skill level 11 in Fighting
  8791 | D:9      | Killed an unseen horror
  9043 | D:10     | Noticed a two-headed ogre
  9058 | D:10     | Killed a two-headed ogre
  9291 | D:10     | Found Xumonebe's Antique Armour Shoppe.
  9300 | D:10     | Bought a faintly humming ring mail for 261 gold pieces
  9310 | D:10     | Identified the cursed +0 ring mail of Pantheism {+Blink
                  | +Inv MR- Dex-4} (You bought it in a shop on level 10 of the
                  | Dungeon)
  9311 | D:10     | Bought a runed chain mail for 217 gold pieces
  9501 | D:10     | Reached skill level 10 in Axes
 10161 | D:11     | Reached XP level 12. HP: 42/112 MP: 16/16
 10168 | D:11     | Reached skill level 12 in Fighting
 10398 | D:11     | Noticed a two-headed ogre
 10408 | D:11     | Killed a two-headed ogre
 10448 | D:11     | Found a staircase to the Lair.
 10602 | Lair:1   | Entered Level 1 of the Lair of Beasts
 10672 | Lair:1   | Found a transporter.
 10674 | Lair:1   | Found a transporter.
 10716 | Lair:1   | Noticed a seven-headed hydra
 10723 | Lair:1   | HP: 3/113 [four-headed hydra (9)]
 10723 | Lair:1   | Mangled by a four-headed hydra

Levels and vault maps discovered:
D:1:      onia_arrival_pyramid, layout_basic
D:2:      layout_basic, zin_academy, solitary_fountain
D:3:      layout_rooms, fedhas_altar_1, portal_sewer_entry_a,
          ebering_ghost_inner_flame, minmay_pentomino_pile, uniq_grinder,
          uniq_jessica
D:4:      layout_basic, eat_drink_and_be_merry_uskayaw, first_ration,
          gammafunk_ghost_cemetery, cheibriados_altar_1, uniq_pikel
D:5:      layout_basic, marbit_many_paths, uniq_crazy_yiuf_cottage,
          uniq_menkaure, uniq_ijyb, uniq_prince_ribbit1
D:6:      lemuel_slime, layout_basic, nicolae_overflow_hidden_temple,
          lemuel_round_altar, serial_shops, shop
D:7:      layout_rooms, nicolae_overflow_crystal_walls,
          lemuel_temple_firewalk_b, bh_walls_and_bars
D:8:      layout_cave_pools, nicolae_ru_awakened_eye
D:9:      minmay_evil_eye, layout_basic, david_orc_5, basic_altar, uniq_erica,
          uniq_joseph
D:10:     layout_irregular_city, serial_shops, shop
D:11:     layout_loops_cross, david_lair_shrubbed
Lair:1:   layout_concentric_octagons, gammafunk_ghost_wrathful_warriors,
          chequers_serial_rivers_micro_d, lemuel_fruit_tree

Skill      XL: |  1  2  3  4  5  6  7  8  9 10 11 12 |
---------------+-------------------------------------+-----
Throwing       | 2 3 4 5 6 |  6.0
Axes           | 3 4 5 6 7 9 10 | 10.7
Dodging        | 3 4 |  4.5
Fighting       | 3 4 6 7 9 10 11 12 | 12.3
Invocations    | 1 3 5 7 |  7.4
Armour         | 2 4 |  4.8

Action                   |  1- 3 |  4- 6 |  7- 9 | 10-12 || total
-------------------------+-------+-------+-------+-------++-------
Melee: War axe           |   112 |   169 |   358 |    81 ||   720
       Broad axe         |       |       |       |    81 ||    81
       Battleaxe         |       |       |       |   307 ||   307
Throw: Dart              |       |       |    19 |    16 ||    35
Invok: Stomp             |       |       |       |     3 ||     3
Evoke: Wand              |       |     4 |     3 |     5 ||    12
  Use: Scroll            |     3 |     2 |    11 |     3 ||    19
       Potion            |       |       |     1 |     1 ||     2
 Stab: Paralysed         |       |       |     7 |    19 ||    26
  Eat: Chunk             |     8 |    11 |    24 |    77 ||   120
Armor: Leather armour    |    48 |    46 |    22 |       ||   116
       Scale mail        |       |       |   126 |    17 ||   143
       Chain mail        |       |       |       |   270 ||   270
Dodge: Dodged            |    86 |   115 |   258 |   313 ||   772

Table legend:
 A = Non-vault XP
 B = Vault XP
 C = Vault XP percentage of total XP
 D = Non-vault monster count
 E = Vault monster count
 F = Vault count percentage of total count
                 A         B        C        D         E       F
            +---------+---------+-------+---------+---------+-------
      Total |   16855 |    5548 |  24.8 |     247 |      95 |  27.8
            +---------+---------+-------+---------+---------+-------
        D:1 |      43 |       0 |   0.0 |      25 |       0 |   0.0
        D:2 |      45 |       0 |   0.0 |      18 |       0 |   0.0
        D:3 |      87 |     308 |  78.0 |      29 |      10 |  25.6
        D:4 |      78 |     641 |  89.2 |       3 |       1 |  25.0
        D:5 |    1088 |     560 |  34.0 |      32 |       5 |  13.5
        D:6 |     638 |     511 |  44.5 |      12 |      20 |  62.5
        D:7 |    1447 |       0 |   0.0 |      23 |       0 |   0.0
        D:8 |    1331 |       0 |   0.0 |      16 |       0 |   0.0
        D:9 |    3054 |    2567 |  45.7 |      28 |      30 |  51.7
       D:10 |    2498 |       0 |   0.0 |      26 |       0 |   0.0
       D:11 |    6012 |     350 |   5.5 |      33 |       1 |   2.9
     Lair:1 |     534 |       0 |   0.0 |       2 |       0 |   0.0
      Sewer |       0 |     611 | 100.0 |       0 |      28 | 100.0
            +---------+---------+-------+---------+---------+-------
